 Dungeon Crawl Stone Soup version 0.24.0-1-gfbc8707 (webtiles) character file.

Game seed: 8321810368982303357, levelgen mode: deterministic

37 Fang the Skirmisher (level 3, -1/24 HPs)
             Began as a Gargoyle Berserker on Oct 25, 2019.
             Was a Believer of Trog.
             Slain by a worm (7 damage)
             ... on level 2 of the Dungeon on Oct 28, 2019.
             The game lasted 00:01:42 (824 turns).

Fang the Skirmisher (Gargoyle Berserker)             Turns: 824, Time: 00:01:42

Health: -1/24      AC:  5    Str: 21    XL:     3   Next: 39%
Magic:  3/3        EV: 12    Int:  7    God:    Trog [**....]
Gold:   10         SH:  0    Dex:  9    Spells: 2/2 levels left

rFire    . . .     SeeInvis .   a - +0 hand axe
rCold    . . .     Gourm    .   (no shield)
rNeg     + . .     Faith    .   b - +0 animal skin
rPois    ∞         Spirit   .   (no helmet)
rElec    +         Reflect  .   (no cloak)
rCorr    .         Harm     .   (no gloves)
MR       .....                  (no boots)
Stlth    +.........             (no amulet)
HPRegen  0.08/turn              (no ring)
MPRegen  0.08/turn              (no ring)

@: no status effects
A: negative energy resistance 1, electricity resistance, unbreathing,
petrification resistance, rot immunity, AC +3
a: Berserk, Trog's Hand, Renounce Religion


You were on level 2 of the Dungeon.
You worshipped Trog.
Trog was pleased with you.
You were not hungry.

You visited 1 branch of the dungeon, and saw 2 of its levels.

You collected 10 gold pieces.

Inventory:

Hand Weapons
 a - a +0 hand axe (weapon)
Armour
 b - a +0 animal skin (worn)
Scrolls
 e - a scroll of identify {unknown}
 f - a scroll of fear {unknown}
Potions
 g - a potion of brilliance {unknown}
Comestibles
 c - 3 rations
 d - 6 chunks of flesh


   Skills:
 + Level 3.7 Fighting
 + Level 3.0 Axes
 + Level 2.8 Armour
 + Level 2.0 Dodging


You had 2 spell levels left.
You didn't know any spells.
Your spell library was empty.

Dungeon Overview and Level Annotations

Branches:
Dungeon (2/15)

Altars:
Gozag


Innate Abilities, Weirdness & Mutations

You are resistant to torment.
Your stone body is resilient. (AC +3)
You are immune to poison.
You resist negative energy. (rN+)
You are resistant to electric shocks. (rElec)
You can survive without breathing.
You are immune to petrification.
You are immune to rotting.


Message History

The bat hits you but does no damage. The adder misses you.
The worm closely misses you. The adder bites you.
* * * LOW HITPOINT WARNING * * *
There is a stone staircase leading down here.
The bat hits you but does no damage. The bat closely misses you.
The adder barely misses you. The worm bites you.
* * * LOW HITPOINT WARNING * * *
The bat barely misses you.
Found an opulent altar of Gozag.
The adder barely misses you.
You hit the adder.
The adder is almost dead.
You hit the bat.
You kill the bat!
Trog accepts your kill.
You barely miss the worm. The adder bites you but does no damage.
You closely miss the adder.
The adder is almost dead.
You hit the worm. The adder closely misses you. The worm bites you!
You die...

##...
.....####
........##
#.......# .
#.......# ..
#.......## 8..
#.......!#....
#.....@......_
#....wS†##....
#.......## .
#...#)>..##
#...#.<...#
#.............
#.............
#.............
#.............


You could see a worm and an adder.

Vanquished Creatures
  An ooze (D:1)
  A dart slug (D:1)
  3 giant cockroaches (D:1)
  4 hobgoblins (D:1)
  2 jackals (D:1)
  3 kobolds
  5 bats
  2 frilled lizards (D:1)
  4 goblins (D:1)
  3 rats (D:1)
28 creatures vanquished.

Notes
Turn   | Place    | Note
-------+----------+-------------------------------------------
     0 | D:1      | Fang the Gargoyle Berserker began the quest for the Orb.
     0 | D:1      | Reached XP level 1. HP: 14/14 MP: 1/1
   287 | D:1      | Reached XP level 2. HP: 17/19 MP: 2/2
   438 | D:1      | Reached XP level 3. HP: 23/23 MP: 3/3
   476 | D:1      | Reached ** piety under Trog
   821 | D:2      | Found an opulent altar of Gozag.
   824 | D:2      | Slain by a worm

Levels and vault maps discovered:
D:1:      elethiomel_arrival_shortcut, layout_basic
D:2:      layout_basic, marbit_many_paths, grunt_gozag_statues

Skill      XL: |  1  2  3 |
---------------+----------+-----
Dodging        | 2 |  2.0
Axes           | 3 |  3.0
Fighting       | |  3.7
Armour         | |  2.8

Action                   || total
-------------------------++-------
Melee: Hand axe          ||    95
Armor: Animal skin       ||    41
Dodge: Dodged            ||    83
